 Dungeon Crawl Stone Soup version 0.17.1-1-g73c8601 (webtiles) character file.

121 PossumBlood the Chopper (level 4, -1/40 HPs)
             Began as a Deep Dwarf Fighter on Dec 19, 2015.
             Succumbed to Runnr's ghost's poison
             ... on level 4 of the Dungeon.
             The game lasted 00:08:49 (1925 turns).

PossumBlood the Chopper (Deep Dwarf Fighter)        Turns: 1925, Time: 00:08:49

Health: -1/40      AC: 14    Str: 26    XL:     4   Next: 76%
Magic:  4/4        EV:  7    Int:  8    God:
Gold:   123        SH: 10    Dex: 12    Spells: 0 memorised, 3 levels left

rFire  . . .     SeeInvis .     a - +0 war axe
rCold  . . .     Clarity  .     b - +0 scale mail
rNeg   . . .     SustAt   .     c - +0 shield
rPois  .         Gourm    .     (no helmet)
rElec  .         Spirit   .     (no cloak)
rCorr  .         Warding  .     w - +2 pair of gloves
rMut   +         Stasis   .     (no boots)
MR     .....                    j - amulet of resist mutation
Stlth  ..........               (no ring)
                                s - +4 ring of protection

@: mighty, lethally poisoned (-1 -> -9), non-regenerating, hasted, very quick,
not resistant to hostile enchantments, extremely unstealthy
A: damage resistance, recharge devices, sense surroundings 1, slow regeneration
3
a: Device Recharging


You were on level 4 of the Dungeon.
You were not hungry.

You visited 1 branch of the dungeon, and saw 4 of its levels.

You collected 123 gold pieces.

Inventory:

Hand Weapons
 a - a +0 war axe (weapon)
 k - a +0 short sword
Armour
 b - a +0 scale mail (worn)
 c - a +0 shield (worn)
 n - a +0 pair of gloves
 w - a +2 pair of gloves (worn)
Jewellery
 j - an amulet of resist mutation (around neck)
 s - a +4 ring of protection (left hand)
Wands
 e - a wand of heal wounds (0)
Scrolls
 i - a scroll of identify
 l - 3 scrolls of remove curse
 m - a scroll of enchant armour
 o - 2 scrolls of amnesia
Potions
 p - a potion of ambrosia {unknown}
 q - a potion of agility {unknown}
 r - a potion of curing {unknown}
 t - a potion of heal wounds {unknown}
 u - a potion of cancellation {unknown}
 v - a potion of lignification {unknown}
 x - a potion of degeneration {unknown}
Comestibles
 f - 4 bread rations
 g - 3 beef jerkies


   Skills:
 - Level 2.6 Fighting
 * Level 5.5 Axes
 - Level 3.2 Armour
 - Level 3.2 Shields


You had 3 spell levels left.
You didn't know any spells.

Dungeon Overview and Level Annotations

Branches:
Dungeon (4/15)
 Temple: D:4-7

Altars:
Ru

Annotations:
D:4 Runnr's ghost, amateur DsNe


Innate Abilities, Weirdness & Mutations

You are resistant to damage.
You can recharge devices by infusing magical energy.
You passively map a small area around you.
You do not regenerate naturally.


Message History

Runnr's ghost says, "Death will end your pain."
Runnr's ghost gestures at you while chanting.
Pain shoots through your body!
* * * LOW HITPOINT WARNING * * *
Read which item? (? for menu, Esc to quit)
As you read the scroll labeled RONLUAGUDI, it crumbles to dust.
It is a scroll of identify.
Identify which item? (\ to view known items) (? for menu, Esc to quit)
o - 2 scrolls of amnesia You block Runnr's ghost's attack.
Read which item? (? for menu, Esc to quit)
As you read the scroll labeled MOLLAPH QEIL, it crumbles to dust.
It is a scroll of enchant armour.
Enchant which item? (? for menu, Esc to quit)
Your +1 pair of gloves glows green for a moment.
Runnr's ghost hits you but does no damage.
You are lethally poisoned!
Drink which item? (? for menu, Esc to quit)
It was a potion of haste.
You feel yourself speed up.
You die...

, ,......##.......... ,
##.########.....#....#
.......>.......#.....#
..................#...**
.................####.###
.........................
,
.#.....).........######..
, .........W.......### * ,
, .#.......@.........### *
............##...#...#
*#........♣.♣#♣#♣.♣#♣.....
######.................>.
* ##..♣.♣#♣.♣.♣)♣...<.
#[................. *
#..........#....... * ,
#.....####......... *,
#.....####.......#


You could see Runnr's ghost.

Vanquished Creatures
  An iguana (D:4)
  2 adders
  4 worms (D:2)
  3 giant geckos
  3 orcs (D:3)
  2 giant cockroaches
  7 goblins
  6 hobgoblins
  3 quokkas
  2 ball pythons
  10 bats
  A giant newt (D:1)
  8 kobolds
  12 rats
64 creatures vanquished.

Notes
Turn   | Place    | Note
--------------------------------------------------------------
     0 | D:1      | PossumBlood the Deep Dwarf Fighter began the quest for the Orb.
     0 | D:1      | Reached XP level 1. HP: 20/20 MP: 1/1
   110 | D:1      | Reached XP level 2. HP: 27/27 MP: 2/2
   436 | D:1      | Reached XP level 3. HP: 31/33 MP: 3/3
   552 | D:2      | Reached skill level 4 in Axes
   910 | D:2      | Reached XP level 4. HP: 20/40 MP: 4/4
  1014 | D:2      | Found a sacrificial altar of Ru.
  1467 | D:3      | Reached skill level 5 in Axes
  1900 | D:4      | Noticed Runnr's ghost (amateur DsNe)
  1922 | D:4      | HP: 1/40 [Runnr's ghost/nerve-wracking pain (8)]
  1925 | D:4      | Succumbed to Runnr's ghost's poison

Action                   |  1- 3 |  4- 6 || total
-------------------------+-------+-------++-------
Melee: War axe           |   150 |    56 ||   206
Evoke: Wand              |     2 |     3 ||     5
  Use: Scroll            |       |     3 ||     3
       Potion            |       |     2 ||     2
  Eat: Bread ration      |       |     1 ||     1
